 Dungeon Crawl Stone Soup version 0.29.1-14-g9c671dbff4 (webtiles) character file.

Game seed: 613156327852444949

3 Heoruswealwe the Caller (level 1, 0/10 HPs)
             Began as a Deep Elf Summoner on Feb 13, 2023.
             Slain by a bat (1 damage)
             ... on level 1 of the Dungeon.
             The game lasted 00:02:32 (122 turns).

Heoruswealwe the Caller (Deep Elf Summoner)          Turns: 122, Time: 00:02:33

Health: 0/10       AC:  2    Str:  5    XL:     1   Next: 41%
Magic:  5/6        EV: 12    Int: 19    God:
Gold:   20         SH:  0    Dex: 15    Spells: 5/6 levels left

rFire   . . .      SeeInvis .   (no weapon)
rCold   . . .      Faith    .   (no shield)
rNeg    . . .      Spirit   .   a - +0 robe
rPois   .          Reflect  .   (no helmet)
rElec   .          Harm     .   (no cloak)
rCorr   .          Rampage  .   (no gloves)
Will    .....                   (no boots)
Stlth   ++........              (no amulet)
HPRegen 0.03/turn               (no ring)
MPRegen 0.10/turn               (no ring)

@: no status effects
A: no striking features
a: no special abilities


You were on level 1 of the Dungeon.
You visited 1 branch of the dungeon, and saw 1 of its levels.

You collected 20 gold pieces.

Inventory:

Armour
 a - a +0 robe (worn)
Potions
 b - a potion of magic


   Skills:
 + Level 0.0 Fighting
 + Level 0.0 Long Blades
 + Level 2.4 Dodging
 + Level 2.4 Stealth
 * Level 3.1 Spellcasting
 + Level 0.0 Conjurations
 + Level 0.0 Hexes
 * Level 4.4 Summonings
 + Level 0.0 Necromancy
 + Level 0.0 Translocations
 + Level 0.0 Transmutations
 + Level 0.0 Fire Magic
 + Level 0.0 Ice Magic
 + Level 0.0 Air Magic
 + Level 0.0 Earth Magic
 + Level 0.0 Poison Magic
 + Level 0.0 Invocations
 + Level 0.0 Evocations


You had 5 spell levels left.
You knew the following spells:

 Your Spells              Type           Power      Damage    Failure   Level
a - Summon Small Mammal   Summ           76%        N/A       2%          1

Your spell library contained the following spells:

 Spells                   Type           Power      Damage    Failure   Level
 Call Imp                 Summ           19%        N/A       3%          2
 Call Canine Familiar     Summ           19%        N/A       8%          3
 Summon Guardian Golem    Hex/Summ       11%        N/A       19%         3
 Summon Lightning Spire   Summ/Air       11%        N/A       52%         4


Dungeon Overview and Level Annotations

Branches:
Dungeon (1/15)

Altars:
Uskayaw


Message History

You swap places.
Your quokka bites the dart slug.
Your bat barely misses the dart slug.
Your quokka bites the dart slug.
The dart slug misses your quokka.
Your bat hits the dart slug. Your bat hits the dart slug.
Your quokka bites the dart slug.
Your bat hits the dart slug.
The dart slug bites your quokka but does no damage.
Your quokka bites the dart slug but does no damage.
Your bat hits the dart slug.
The dart slug dies!
You swap places.
You swap places.
A bat comes into view.
The bat hits you.
A kobold comes into view. It is wielding a +0 short sword.
The bat barely misses you.
You hit the bat.
The bat is heavily wounded.
The bat hits you but does no damage.
Your bat closely misses the bat.
Your quokka barely misses the bat.
You swap places.
The bat barely misses you.
Your quokka misses the bat.
Your bat completely misses the bat.
Your quokka barely misses the bat.
The bat hits you but does no damage. The bat hits you but does no damage.
The bat misses your bat.
Your bat hits the bat.
Your quokka barely misses the bat.
The bat hits you but does no damage.
Your bat barely misses the bat.
Your quokka barely misses the bat.
The bat hits you.
* * * LOW HITPOINT WARNING * * *
Your bat misses the bat. The bat hits you but does no damage.
The bat attacks as you move away! The bat hits you.
* * * LOW HITPOINT WARNING * * *
The bat closely misses you.
The kobold hits your quokka with a +0 short sword.
The bat hits you.
* * * LOW HITPOINT WARNING * * *
Casting: Summon Small Mammal (safe; 2% risk of failure)
Confirm with . or Enter, or press ? or * to list all spells.
Your bat disappears in a puff of smoke!
Your quokka closely misses the bat.
The bat hits you.
You die...

#........#
##..
#........#
#..#
#........# #..
#........#####
..
#............#
#........###.#
....
##########
#.#### .....
#.r..# .....
####@## ......
#b.# ......
##r##......
#§K.......
####........
#........(..
#......#####
#......#
########


You could see a bat (ally target), a kobold and 2 friendly quokkas.

Vanquished Creatures (collateral kills)
  A dart slug (D:1)
  A ball python (D:1)
2 creatures vanquished.

Notes
Turn   | Place    | Note
-------+----------+-------------------------------------------
     0 | D:1      | Heoruswealwe the Deep Elf Summoner began the quest for the
                  | Orb.
     0 | D:1      | Reached XP level 1. HP: 10/10 MP: 6/6
    37 | D:1      | Found a faded altar of an unknown god.
    55 | D:1      | Prayed at the altar of an unknown god.
    55 | D:1      | Became a worshipper of Uskayaw the Reveller
    55 | D:1      | Reached * piety under Uskayaw
    56 | D:1      | Fell from the grace of Uskayaw
   122 | D:1      | Slain by a bat

Illustrated notes

Levels and vault maps discovered:
D:1:      dpeg_arrival_line_fractal, layout_rooms,
          dreamdust_ecumenical_altar_statues, minmay_liquid_box

Action                   || total
-------------------------++-------
Melee: Unarmed           ||     1
 Cast: Summon Small Mamm ||     4
Invok: Renounce Religion ||     1
Armor: Robe              ||     5
Dodge: Dodged            ||     3
